 Dungeon Crawl Stone Soup version 0.18-a0-1347-gb9e2fb4 (webtiles) character file.

155 Oddball22 the Magician (level 5, 0/40 HPs)
             Began as a Demonspawn Skald on Feb 17, 2016.
             Slain by a wight
             ... wielding a +0 hand axe
              (2 damage)
             ... on level 4 of the Dungeon.
             The game lasted 00:06:17 (2974 turns).

Oddball22 the Magician (Demonspawn Skald)           Turns: 2974, Time: 00:06:17

Health: 0/40       AC:  4    Str: 13    XL:     5   Next: 14%
Magic:  9/9        EV: 11    Int: 13    God:
Gold:   86         SH:  0    Dex: 13    Spells: 3 memorised, 5 levels left

rFire  + . .     SeeInvis .     x - +2 dagger (venom)
rCold  . . .     Gourm    .     b - +0 leather armour
rNeg   . . .     Faith    .     (no shield)
rPois  .         Spirit   .     (no helmet)
rElec  .         Dismiss  .     (no cloak)
rCorr  .         Reflect  .     (no gloves)
SustAt .         Harm     .     l - +0 pair of boots
MR     .....                    (no amulet)
Stlth  +.........               (no ring)
                                j - ring of protection from fire

@: drained, not resistant to hostile enchantments, very unstealthy
A: hooves 1, demonic guardian 1
a: no special abilities


You were on level 4 of the Dungeon.
You were very hungry.

You visited 1 branch of the dungeon, and saw 4 of its levels.

You collected 86 gold pieces.

Inventory:

Hand Weapons
 a - a +0 falchion
 x - a +2 dagger of venom (weapon)
Armour
 b - a +0 leather armour (worn)
 l - a +0 pair of boots (worn)
Jewellery
 j - a ring of protection from fire (left hand)
Scrolls
 g - a scroll of fear {unknown}
 i - a scroll of enchant weapon {unknown}
 m - a scroll of fog {unknown}
 n - a scroll of remove curse {unknown}
 r - a scroll of identify {unknown}
 v - a scroll of random uselessness {unknown}
Potions
 e - a potion of resistance
 k - a potion of might {unknown}
 o - a potion of cure mutation {unknown}
 p - a potion of cancellation {unknown}
 q - a potion of lignification {unknown}
 t - a potion of heal wounds {unknown}
 u - a potion of mutation {unknown}
 w - 2 potions of brilliance {unknown}
Books
 c - a book of Battle

   Spells                             Type                      Level
   a - Infusion                       Charms                       1
   b - Shroud of Golubria             Charms/Translocation         2
   c - Song of Slaying                Charms                       2
   d - Spectral Weapon                Hexes/Charms                 3
   e - Regeneration                   Charms/Necromancy            3
Comestibles
 d - 2 bread rations
 f - 2 beef jerkies
 h - a meat ration


   Skills:
 + Level 2.9(1.9) Fighting
 + Level 2.9(2.0) Long Blades
 - Level 0.8(0.0) Armour
 + Level 2.4(1.4) Dodging
 + Level 3.0(2.0) Spellcasting
 - Level 2.6(1.7) Charms


You had 5 spell levels left.
You knew the following spells:

 Your Spells              Type           Power        Failure   Level  Hunger
a - Infusion              Chrm           #...         17%         1    ##.....
b - Song of Slaying       Chrm           #.......     28%         2    ###....
c - Shroud of Golubria    Chrm/Tloc      #.........   38%         2    ###....


Dungeon Overview and Level Annotations

Branches:
Dungeon (4/15)
 Temple: D:4-7

Altars:
Gozag
Ru


Innate Abilities, Weirdness & Mutations

You have large cloven feet.
A weak demonic guardian rushes to your aid.


Message History

The wight is severely damaged.
The wight closely misses you.
You barely miss the wight.
The wight is severely damaged.
The wight barely misses you.
You are feeling very hungry.
You hit the wight but do no damage.
The wight is severely damaged.
The wight hits you but does no damage.
You closely miss the wight.
The wight is severely damaged.
The wight misses you.
You hit the wight but do no damage.
The wight is severely damaged.
You hit the wight but do no damage.
The wight is severely damaged.
The wight hits you with a hand axe.
* * * LOW HITPOINT WARNING * * *
You feel drained.
You die...

####.###
#...# ###.##
. #..####..#
##......#
#..#####
####.##
#.....##
#....###@z##
..## ##..#
##)..#
##.....
#####


You could see a wight.

Vanquished Creatures
  A worker ant (D:4)
  2 adders
  A worm (D:2)
  2 giant geckos (D:1)
  2 orcs
  7 bats
  10 goblins
  8 hobgoblins
  7 jackals (D:2)
  2 ball pythons
  4 giant cockroaches
  2 giant newts
  6 kobolds
  4 rats
58 creatures vanquished.

Vanquished Creatures (collateral kills)
  A wight (D:4)
  An orc wizard (D:3)
  An orc (D:3)
  A kobold (D:3)
4 creatures vanquished.

Grand Total: 62 creatures vanquished

Notes
Turn   | Place    | Note
--------------------------------------------------------------
     0 | D:1      | Oddball22 the Demonspawn Skald began the quest for the Orb.
     0 | D:1      | Reached XP level 1. HP: 16/16 MP: 3/3
    14 | D:1      | Reached skill level 1 in Dodging
   289 | D:1      | Gained mutation: A weak demonic guardian rushes to your aid. [demonic ancestry]
   289 | D:1      | Reached XP level 2. HP: 22/22 MP: 5/5
  1088 | D:2      | Reached XP level 3. HP: 28/28 MP: 6/6
  1661 | D:2      | Learned a level 2 spell: Song of Slaying
  1664 | D:2      | Learned a level 2 spell: Shroud of Golubria
  1687 | D:2      | Found a sacrificial altar of Ru.
  1973 | D:2      | Found an opulent altar of Gozag.
  2347 | D:2      | Gained mutation: You have large cloven feet. [demonic ancestry]
  2347 | D:2      | Reached XP level 4. HP: 30/34 MP: 4/7
  2957 | D:4      | Reached skill level 3 in Spellcasting
  2957 | D:4      | Reached XP level 5. HP: 25/40 MP: 9/9
  2974 | D:4      | HP: 2/40 [wight/hand axe (6)]
  2974 | D:4      | Slain by a wight

Vault maps used:
D:1:      dpeg_arrival_court, grunt_decor_cap, st_stairs_9, hex_tiny
D:2:      grunt_gozag_statues, marbit_many_paths
D:3:      okawaru_metal_pillars_1_2

Action                   |  1- 3 |  4- 6 || total
-------------------------+-------+-------++-------
Melee: Falchion          |   171 |    32 ||   203
       Dagger            |       |    27 ||    27
 Cast: Infusion          |     3 |       ||     3
       Shroud of Golubri |       |     1 ||     1
       Song of Slaying   |       |     1 ||     1
  Use: Potion            |       |     1 ||     1
 Stab: Sleeping          |     1 |       ||     1
  Eat: Chunk             |     5 |     1 ||     6
